 Dungeon Crawl Stone Soup version 0.17-a0-1-g1f4be75 (webtiles) character file.

753057 McCoppin the Slayer (level 27, 0/294 (304) HPs)
             Began as a Naga Fighter on Mar 5, 2015.
             Was the Champion of Ashenzari.
             Killed by divine providence
             ... invoked by a smoke demon
              (14 damage)
             ... in Pandemonium on Mar 7, 2015.
             The game lasted 11:40:17 (103517 turns).

McCoppin the Slayer (Naga Fighter)                Turns: 103517, Time: 11:40:18

HP:   0/294 (304)   AC: 58    Str: 24      XL:     27
MP:   40/40         EV: 11    Int:  7 (9)  God:    Ashenzari [******]
Gold: 9166          SH: 18    Dex: 17 (19) Spells: 1 memorised, 42 levels left

rFire  + + .     SeeInvis +     c - +8 double sword (freeze) (curse)
rCold  + + .     Clarity  +     V - +7 gold dragon armour (curse)
rNeg   + + +     SustAb   .     S - +0 shield {reflect} (curse)
rPois  +         Gourm    .     B - +0 helmet of Supple Strength {+Blink rF+ rC+ Str-4} (curse)
rElec  +         Spirit   .     y - +2 cloak (curse)
rCorr  +         Warding  .     r - +1 pair of gloves {Str+3} (curse)
rMut   .         Stasis   .     C - +6 lightning scales {run, rElec} (curse)
MR     +++++                    X - amulet "Qarchil" {rCorr rN+ Str+4 Stlth-} (curse)
Stlth  ..........               E - ring of Moufuj {rPois rC- rN+ MR+ Dex+3} (curse)
                                a - ring of positive energy (curse)

@: starving, slow, almost entirely resistant to hostile enchantments, extremely
unstealthy
A: spit poison, constrict 1, rough black scales 1, see invisible, berserk 1,
clumsy 1, cold resistance 1, deformed body, deterioration 2, dopey 1, magic
resistance 1, sense surroundings 1, poison resistance, robust 1, slowness 2,
MP-powered wands 1, AC +9
a: Spit Poison, Scrying, Transfer Knowledge, Renounce Religion, Evoke Blink
}: 4/15 runes: serpentine, barnacled, slimy, silver


You were in Pandemonium.
You worshipped Ashenzari.
Ashenzari was exalted by your worship.
You were starving.

You visited 14 branches of the dungeon, and saw 68 of its levels.
You visited Pandemonium 1 time, and saw 2 of its levels.
You also visited: Labyrinth and Ossuary.

You collected 10879 gold pieces.
You spent 1713 gold pieces at shops.

Inventory:

Hand weapons
 c - a cursed +8 double sword of freezing (weapon)
Missiles
 i - 2077 stones (quivered)
Armour
 r - a cursed +1 pair of gloves of strength (worn)
 y - a cursed +2 cloak (worn)
 B - the cursed +0 helmet of Supple Strength (worn) {+Blink rF+ rC+ Str-4}
   (You found it on level 3 of the Snake Pit)

   It affects your strength (-4).
   It protects you from fire.
   It protects you from cold.
   It lets you blink.
   It has a curse placed upon it.
 C - the cursed +6 lightning scales (worn) {run, rElec}
   (You found it on level 5 of the Dungeon)

   It insulates you from electricity.
   It has a curse placed upon it.
 S - a cursed +0 shield of reflection (worn)
 V - a cursed +7 gold dragon armour (worn)
 Z - the cursed +1 naga barding of the Other Side {rN++ Regen+ Stlth-}
   (You acquired it on level 1 of the Depths)

   It greatly protects you from negative energy.
   It increases your rate of regeneration.
   It makes you less stealthy.
   It has a curse placed upon it.
Jewellery
 a - a cursed ring of positive energy (left hand)
 E - the cursed ring of Moufuj (right hand) {rPois rC- rN+ MR+ Dex+3}
   (You found it on level 6 of the Pits of Slime)

   [ring of dexterity]

   It affects your dexterity (+3).
   It makes you vulnerable to cold.
   It protects you from poison.
   It protects you from negative energy.
   It affects your resistance to hostile enchantments.
   It has a curse placed upon it.
 X - the cursed amulet "Qarchil" (around neck) {rCorr rN+ Str+4 Stlth-}
   (You found it on level 8 of the Lair of Beasts)

   [amulet of resist corrosion]

   It protects you from acid and corrosion.
   It affects your strength (+4).
   It protects you from negative energy.
   It makes you less stealthy.
   It has a curse placed upon it.
Magical devices
 d - a wand of digging (9)
 g - a wand of hasting (3)
 h - a wand of disintegration (11)
 j - a wand of heal wounds (0)
 v - a wand of lightning (0)
Scrolls
 b - 3 scrolls of fog
 n - 13 scrolls of magic mapping
 o - 4 scrolls of recharging
 p - 2 scrolls of curse jewellery
 t - a scroll of brand weapon
 w - 16 scrolls of teleportation
 J - 2 scrolls of identify
 M - 6 scrolls of remove curse
 Y - 2 scrolls of holy word
Potions
 k - 4 potions of invisibility
 q - 5 potions of agility
 s - 5 potions of resistance
 z - 2 potions of restore abilities
 A - 22 potions of curing
 D - 2 potions of cure mutation
 F - 3 potions of berserk rage
 G - 2 potions of haste
 P - 9 potions of might
 Q - 5 potions of cancellation
 R - 2 potions of heal wounds
 T - 3 potions of flight
Miscellaneous
 e - a fan of gales (inert)
 f - a lamp of fire
 l - the horn of Geryon (inert)
 m - a sack of spiders {used: 6}
 u - a box of beasts {used: 2}
 x - a stone of tremors
 I - 3 phantom mirrors
 K - a phial of floods
 N - a lamp of fire
 U - a crystal ball of energy
 W - a disc of storms


   Skills:
 - Level 22.3 Fighting
 - Level 13.0(17.1) Long Blades
 - Level 14.0(19.3) Armour
 + Level 19.1 Dodging
 + Level 21.6(23.8) Shields
 - Level 11.4 Spellcasting
 - Level 21.7(25.1) Charms
 - Level 17.5(21.2) Evocations


You had 42 spell levels left.
You knew the following spells:

 Your Spells              Type           Power        Failure   Level  Hunger
a - Haste                 Chrm           #####...     1%          6    #######


Dungeon Overview and Level Annotations

Branches:
Dungeon (15/15)            Temple (1/1) D:6            Lair (8/8) D:10
 Shoals (5/5) Lair:3        Snake (5/5) Lair:6        Slime (6/6) Lair:7
    Orc (4/4) D:9             Elf (3/3) Orc:3        Vaults (5/5) D:14
  Crypt (3/3) Vaults:3       Tomb (3/3) Crypt:3      Depths (5/5) D:15
   Hell (1/1)                 Dis (0/7) Hell            Geh (0/7) Hell
    Coc (0/7) Hell            Tar (0/7) Hell            Zot (4/5) Depths:5

Altars:
Ashenzari
Cheibriados
Dithmenos
Elyvilon
Fedhas
Gozag
Kikubaaqudgha
Makhleb
Nemelex Xobeh
Okawaru
Qazlal
Ru
Sif Muna
Trog
Vehumet
Xom
Yredelemnul
Zin
The Shining One
Beogh

Shops:
Orc:4 *![}   Vaults:5 ?

Portals:
Hell: Lair:8 Depths:1 Depths:2 Depths:3 Depths:4 Depths:5
Abyss: Depths:2 Depths:3 Depths:4 Depths:5
Pandemonium: Depths:2 Depths:3
Ziggurat: Depths:2


Innate Abilities, Weirdness & Mutations

You cannot wear boots.
You can spit poison.
You can use your snake-like lower body to constrict enemies.
Your serpentine skin is tough (AC +9).
You have supernaturally acute eyesight.
Armour fits poorly on your strangely shaped body.
Your system is resistant to poisons.
You cover ground very slowly.
You are partially covered in rough black scales (AC +4, Dex -1).
You tend to lose your temper in combat.
You are clumsy. (Dex -2)
Your flesh is cold resistant.
Your body is deteriorating.
You are dopey. (Int -2)
You are resistant to hostile enchantments.
You passively map a small area around you.
You are robust (+10% HP).
You expend magic power (3 MP) to slightly strengthen your wands.


Message History

You constrict the hell beast! The Executioner closely misses you.
The Executioner hits you but does no damage.
You block the Executioner's attack.
Your air elemental hits the Executioner.
You block the Executioner's attack.
The Executioner hits you but does no damage.
You block the Executioner's attack. The hell beast bites you!
* * * LOW HITPOINT WARNING * * *
The hell beast tramples you but does no damage.
Your air elemental hits the Executioner!
Your hell beast bites the hell beast!
Your hell beast tramples the hell beast!
The hell beast holds its ground!
The orange demon stings you but does no damage.
Your hell beast bites the Executioner but does no damage.
Your hell beast tramples the Executioner but does no damage.
The hell beast barely misses your hell beast. x2
The smoke demon gestures at you. Something smites you!
You die...

* *#2# * *
,,, , ,264{,,
∩* ,,, , **
***#1# ** *
,,, * #&# **
* , ,,, *∆
.3., ∆* * * ,
, **#2#* **
*, , , #2# *,
,,,,,, * **
####2#### ,,
, , *
#/.42@23# ***
,, ,,,*
####1#### ,
,**** #E# ,
,,* #E# *, ,*
** #.### **
*,, , * *,*
#.#{#, ** **
, ,, * #...#
, , , ,** *
########.##
** ** ***, ,
,,
,,..........#
* * *,,


You could see Stysup, an Ice Fiend, 3 hell beasts, an Executioner, an orange
demon, a putrid demonspawn, 2 smoke demons, a tormentor, 3 friendly hell beasts
and 2 friendly air elementals.

Vanquished Creatures
  the royal jelly (Slime:6)
  3 ancient liches
  An orb of fire (Zot:3)
  18 greater mummies
  Sojobo (Depths:3)
  7 Killer Klowns
  Saint Roka (Depths:2)
  A curse toe (Zot:1)
  Mennas (Crypt:3)
  7 golden dragons
  Jory (Vaults:4)
  Frederick (Vaults:3)
  2 bone dragons
  Nikola (Vaults:2)
  A shard shrike zombie (Crypt:1)
  3 electric golems
  21 tentacled monstrosities
  8 liches
  Vashnia (Snake:1)
  An Ice Fiend (Pan)
  A deep elf master archer (Elf:3)
  Asterion (Shoals:1)
  A Shadow Fiend (Pan)
  2 deep elf blademasters
  4 titans
  2 quicksilver dragons (Vaults:5)
  3 krakens
  2 sphinxes (shapeshifter) (Depths:2)
  Rupert (D:14)
  Agnes (Shoals:1)
  4 draconian monks
  22 acid blobs
  6 tengu reavers
  10 shadow dragons
  15 sphinxes
  13 storm dragons
  11 azure jellies
  3 revenants
  7 ancient champions
  Ilsuiw (Shoals:5)
  13 frost giants
  4 fire giants
  Donald (Snake:2)
  18 vault wardens
  Wiglaf (Snake:2)
  An orc warlord (Elf:2)
  3 iron dragons
  Aizul (Depths:2)
  7 greater nagas
  2 draconian zealots (Zot:1)
  4 draconian knights
  3 ghost moths
  3 curse skulls
  3 draconian scorchers
  9 deep elf sorcerers
  A cacodemon (Depths:1)
  4 emperor scorpions
  11 war gargoyles
  14 reapers
  Jorgrun (Tomb:1)
  22 stone giants
  4 draconian shifters
  16 ironheart preservers
  2 draconian annihilators (Zot:1)
  6 very ugly things
  8 spriggan defenders
  2 draconian callers
  4 vampire knights
  9 green draconians
  A grey draconian (Zot:1)
  4 deep elf demonologists
  9 lorocyprocas
  A salamander firebrand (Hell)
  5 black draconians
  8 dire elephants
  9 red draconians
  Azrael (Snake:1)
  13 deep elf annihilators
  3 purple draconians
  4 pale draconians
  2 bennus (Tomb:1)
  9 mottled draconians
  An ettin (shapeshifter) (Vaults:5)
  7 yellow draconians
  5 white draconians
  4 eidola
  3 crystal guardians
  8 deep elf death magi
  8 merfolk javelineers
  3 large abominations
  2 unborn (Tomb:1)
  3 green deaths (Hell)
  17 mummy priests
  10 death oozes
  19 fire dragons
  2 blizzard demons (Pan)
  10 merfolk impalers
  35 vault guards
  A fire dragon (shapeshifter) (Depths:2)
  2 quicksilver dragon zombies
  18 jiangshi
  Josephine (D:13)
  13 ettins
  11 great orbs of eyes
  15 yaktaur captains
  6 deep elf high priests
  Fannar (Lair:8)
  2 ice dragons (shapeshifter) (Depths:2)
  9 death cobs
  Harold (Lair:5)
  6 hydras
  2 quicksilver dragon skeletons
  6 minotaurs
  9 spriggan air magi
  13 ogre magi
  4 rakshasas
  7 hell beasts
  Nessos (D:11)
  12 naga warriors
  20 ice dragons
  5 merfolk avatars
  2 satyrs (Shoals:5)
  2 alligator snapping turtles
  10 centaur warriors
  A catoblepas (D:13)
  Erica (Lair:8)
  A spectral stone giant (Crypt:3)
  13 anacondas
  3 merfolk aquamancers
  2 death knights
  5 tengu warriors
  A satyr (shapeshifter) (Depths:2)
  5 vampire magi
  17 dancing weapons
  6 shock serpents
  8 deep troll earth magi
  6 deep troll shamans
  16 death yaks
  The ghost of PolkaDot the Martial Artist, an experienced OpMo of Okawaru (D:9)
  The ghost of Vidiiot the Slicer, an experienced CeAr of Okawaru (D:11)
  Urug (Shoals:1)
  5 spriggan berserkers
  10 hell hogs
  15 soul eaters
  24 naga sharpshooters
  4 orc high priests (Orc:4)
  12 ice devils
  Nergalle (Lair:4)
  92 slime creatures
  2 iron golems
  A fire crab (shapeshifter) (Depths:4)
  A titan skeleton (Tomb:1)
  3 fire crabs
  34 hell knights
  9 sea snakes
  7 iron trolls
  9 salamander mystics
  24 skeletal warriors
  A shadow demon (Depths:1)
  21 deep elf knights
  A sea snake (shapeshifter) (Elf:3)
  15 sun demons
  43 death scarabs
  2 hill giants (shapeshifter)
  An anaconda zombie (Hell)
  4 shadow wraiths
  3 unseen horrors
  A lindwurm (shapeshifter) (Depths:2)
  18 deep elf summoners
  18 necromancers
  27 deep trolls
  14 ironbrand convokers
  5 naga ritualists
  2 wizards
  8 mana vipers
  A gelid demonspawn (Pan)
  4 giant orange brains
  An anaconda skeleton (Hell)
  Erolcha (D:11)
  2 shadow dragon zombies
  19 orc knights
  2 golden dragon skeletons
  8 hill giants
  9 flayed ghosts
  2 wolf spiders
  11 anubis guards
  A sphinx zombie (Vaults:1)
  7 harpies
  6 orc sorcerers
  6 hornets
  14 manticores
  19 deep elf conjurers
  19 griffons
  36 black mambas
  7 fauns
  21 phantasmal warriors
  29 ugly things
  3 fire giant zombies (Hell)
  27 moths of wrath
  A stone giant zombie (Hell)
  3 sixfirhies
  5 shining eyes
  A water nymph (shapeshifter) (Depths:2)
  17 salamanders
  5 cyclopes
  3 smoke demons (Pan)
  Maurice (Orc:3)
  A black mamba (shapeshifter) (Vaults:1)
  12 vault sentinels
  3 drowned souls
  2 elf zombies
  A guardian serpent (shapeshifter) (D:14)
  3 eyes of devastation
  A spriggan zombie (D:15)
  10 sirens
  12 elephants
  2 fire giant skeletons (Crypt:3)
  6 torpor snails (Depths:4)
  A stone giant skeleton (Crypt:3)
  7 centaur skeletons
  5 water nymphs
  9 orange demons
  A spiny frog (shapeshifter) (Vaults:3)
  16 spiny frogs
  7 guardian serpents
  5 rust devils
  Psyche (D:11)
  A mottled draconian zombie (Zot:1)
  10 komodo dragons
  3 red draconian zombies (Zot:1)
  An emperor scorpion zombie (Hell)
  5 fire drakes
  6 gargoyles
  A green draconian zombie (Zot:1)
  A yaktaur zombie (Hell)
  A storm dragon simulacrum (Hell)
  2 kobold demonologists
  20 naga magi
  5 spectral swamp worms (Depths:5)
  A purple draconian zombie (Crypt:1)
  A demonic crawler (Hell)
  2 yaktaurs (shapeshifter) (Vaults:5)
  An efreet (D:13)
  A yaktaur skeleton (D:15)
  An iron troll zombie (Crypt:2)
  5 tengu conjurers
  3 trolls
  6 hellwings
  39 guardian mummies
  A silent spectre (Vaults:3)
  29 deep elf priests
  14 freezing wraiths
  A wandering mushroom (Zot:1)
  52 merfolk
  2 jumping spiders (shapeshifter)
  4 red devils
  A harpy zombie (Crypt:3)
  2 jumping spiders
  55 yaktaurs
  A minotaur zombie (D:15)
  5 wind drakes
  2 moth of wrath zombies (Zot:1)
  A polar bear (Lair:6)
  5 hydra zombies
  16 blue devils
  2 trapdoor spider zombies
  A wind drake (shapeshifter) (Depths:2)
  8 boulder beetles
  A hornet zombie (D:13)
  24 two-headed ogres
  A slime creature (shapeshifter) (Depths:2)
  A fire dragon zombie (Depths:4)
  8 ushabtiu
  2 hydra skeletons
  8 spriggans
  6 trapdoor spiders
  7 basilisks
  19 deep elf magi
  7 snapping turtles
  22 flying skulls
  14 ravens
  A tarantella (Elf:1)
  4 redbacks
  4 alligator skeletons
  14 fire dragon skeletons (Crypt:3)
  15 blink frogs
  12 air elementals
  9 shadows
  14 water elementals
  A trapdoor spider (shapeshifter) (Vaults:5)
  A stone giant simulacrum (Vaults:1)
  10 wraiths
  A wyvern (D:15)
  34 yaks
  5 vampires
  6 fire elementals
  2 black mamba skeletons
  7 hungry ghosts
  Eustachio (D:4)
  12 hippogriffs
  32 deep elf fighters
  An ice dragon skeleton (Crypt:3)
  2 neqoxecs (Pan)
  19 vampire mosquitoes
  9 wolves
  21 golden eyes
  3 mottled dragons
  An insubstantial wisp (Depths:2)
  3 human zombies
  A soldier ant (D:12)
  Edmund (D:8)
  A hill giant skeleton (Crypt:2)
  Menkaure (D:7)
  57 nagas
  The ghost of mauris the Stinger, an average OpVM (D:3)
  A hydra simulacrum (Depths:2)
  3 wargs
  3 spiny frog zombies
  35 water moccasins
  A small abomination (Elf:3)
  11 hell hounds
  19 porcupines
  A spiny frog skeleton (Hell)
  2 black bears
  A black bear (shapeshifter) (Vaults:1)
  7 ice beasts
  A merfolk skeleton (Crypt:3)
  A snapping turtle zombie (Crypt:2)
  4 spiders (Depths:1)
  5 sky beasts
  4 necrophages (D:13)
  An anubis guard zombie (Tomb:1)
  15 eyes of draining
  2 spiders (shapeshifter) (Depths:4)
  52 ogres
  46 orc warriors
  22 crocodiles
  2 snapping turtle skeletons
  5 boggarts
  2 boring beetles (Lair:8)
  4 phantoms
  An anubis guard skeleton (Tomb:1)
  9 wasps
  5 big kobolds
  32 centaurs
  A crocodile (shapeshifter) (Depths:4)
  4 human skeletons
  2 lost souls (Crypt:3)
  A wyvern zombie (D:13)
  17 giant frogs
  7 scorpions
  A glowing shapeshifter simulacrum (Vaults:1)
  2 wyvern skeletons
  A polar bear zombie (Crypt:1)
  A hippogriff skeleton (Crypt:1)
  26 wights
  10 killer bees
  A troll skeleton (Crypt:2)
  3 electric eels
  3 giant frog zombies (D:13)
  A wasp zombie (D:8)
  30 jellies
  9 crimson imps
  33 orc priests
  8 centaur zombies
  A goliath beetle (D:6)
  2 human simulacra
  Crazy Yiuf (D:3)
  11 hounds
  A porcupine zombie (Crypt:2)
  2 quasits
  13 iguanas
  2 iron imps
  A giant frog skeleton (D:13)
  11 hell rats
  52 orc wizards
  8 worker ants
  A spectral orc (Lair:4)
  34 sheep
  A demigod zombie (Crypt:1)
  A felid zombie (Crypt:2)
  3 ogre zombies
  A brain worm zombie (Crypt:2)
  A mottled dragon skeleton (Crypt:1)
  An ogre skeleton (Crypt:1)
  A hound zombie (D:8)
  2 hound skeletons
  58 mummies
  Robin (D:4)
  6 gnolls
  4 giant mites
  46 adders
  29 river rats
  A white imp (D:4)
  6 worms
  3 shadow imps
  An ufetubus (Tomb:1)
  An adder zombie (D:6)
  An iguana skeleton (Crypt:2)
  A sheep skeleton (Crypt:2)
  A giant gecko (D:3)
  6 oozes
  230 orcs
  6 ball pythons
  A giant cockroach (D:1)
  3 gnoll zombies (Ossuary)
  68 goblins
  48 hobgoblins
  16 jackals
  22 quokkas
  A ball python skeleton (Crypt:1)
  18 bats
  7 giant newts
  2 jackal zombies (D:8)
  32 kobolds
  3 kobold zombies (Ossuary)
  12 orc zombies
  25 rats
  2 ballistomycetes
  4 crawling corpses
  3 fungi
  A plant (Lair:6)
  A tentacle (Shoals:1)
  A tentacle segment (Shoals:4)
3698 creatures vanquished.

Vanquished Creatures (collateral kills)
  2 greater mummies
  Geryon (Hell)
  2 acid blobs
  A shadow dragon (Depths:5)
  An azure jelly (Slime:5)
  A greater naga (Snake:5)
  A dire elephant (Depths:5)
  A fire dragon (Depths:4)
  2 death oozes (Slime:6)
  An anaconda (Snake:5)
  2 naga warriors (Snake:5)
  A merfolk avatar (Shoals:5)
  2 sun demons (Hell)
  A skeletal warrior (Crypt:3)
  2 hell knights (Hell)
  2 naga ritualists (Snake:5)
  A mana viper (Snake:5)
  A cyclops (Shoals:5)
  A salamander (Snake:5)
  A shining eye (Slime:6)
  2 naga magi
  3 orange demons (Orc:4)
  A guardian mummy (Tomb:1)
  A hydra zombie (Hell)
  A ynoxinul (Tomb:1)
  A flying skull (Tomb:1)
  A water elemental (Shoals:5)
  A human zombie (Depths:4)
  6 nagas (Snake:5)
  An ogre zombie (Depths:4)
  A neqoxec (Tomb:1)
  An orc warrior (Orc:4)
  An ogre (Depths:4)
  A lost soul (Crypt:3)
  An orc priest (Orc:4)
  A jelly (Slime:5)
51 creatures vanquished.

Vanquished Creatures (others)
  A lich (Crypt:3)
  A deep elf master archer (Elf:3)
  An acid blob (Slime:6)
  A vault warden (Vaults:5)
  An ironheart preserver (Vaults:5)
  A stone giant (Depths:5)
  A deep elf high priest (Depths:4)
  2 yaktaur captains
  A deep elf knight (Elf:3)
  A fire crab (Depths:2)
  A ball lightning (Depths:1)
  23 death scarabs (Tomb:2)
  A necromancer (Hell)
  2 chimeras
  An ugly thing (Vaults:1)
  A faun (Shoals:3)
  A cyclops (Shoals:3)
  12 air elementals
  28 drowned souls
  9 water elementals
  A smoke demon (Pan)
  13 fire elementals
  9 yaktaurs
  A hydra zombie (Tomb:2)
  A shadow dragon simulacrum (Tomb:2)
  A fire drake (Depths:5)
  A two-headed ogre (Vaults:4)
  5 flying skulls
  4 redbacks
  A fire dragon skeleton (Tomb:3)
  A deep elf mage (Elf:3)
  A raven zombie (Depths:4)
  A deep elf fighter (Elf:1)
  5 earth elementals
  A human zombie (Hell)
  A naga (Snake:5)
  3 ogres
  An orc warrior (Vaults:4)
  A boggart (Vaults:3)
  2 centaurs
  15 lost souls
  A human simulacrum (Vaults:1)
  A jelly (Slime:6)
  An orc wizard (D:4)
  2 ogre zombies (Depths:4)
  6 mummies
  2 orcs
  2 giant spores
  2 bushes (Depths:1)
  A fungus (Lair:7)
  6 plants
  34 tentacles
  1284 tentacle segments
1501 creatures vanquished.

Grand Total: 5250 creatures vanquished

Notes
Turn   | Place    | Note
--------------------------------------------------------------
     0 | D:1      | McCoppin, the Naga Fighter, began the quest for the Orb.
     0 | D:1      | Reached XP level 1. HP: 21/21 MP: 1/1
   272 | D:1      | Reached XP level 2. HP: 18/28 MP: 2/2
   890 | D:1      | Reached XP level 3. HP: 32/34 MP: 3/3
  1663 | D:2      | Reached skill level 4 in Long Blades
  1778 | D:2      | Reached XP level 4. HP: 18/42 MP: 4/4
  2625 | D:3      | Noticed a giant frog
  2639 | D:3      | Killed a giant frog
  2639 | D:3      | Reached skill level 5 in Long Blades
  2639 | D:3      | Reached XP level 5. HP: 32/49 MP: 5/5
  2809 | D:3      | Noticed mauris' ghost (average OpVM)
  2821 | D:3      | Killed mauris' ghost
  2821 | D:3      | Reached skill level 6 in Long Blades
  2821 | D:3      | Reached XP level 6. HP: 44/56 MP: 6/6
  3515 | D:3      | Noticed Crazy Yiuf
  3531 | D:3      | Paralysed by Crazy Yiuf for 5 turns
  3536 | D:3      | Killed Crazy Yiuf
  3863 | D:4      | Reached skill level 7 in Long Blades
  3902 | D:4      | Reached XP level 7. HP: 22/62 MP: 7/7
  4156 | D:4      | Noticed Eustachio
  4240 | D:4      | Killed Eustachio
  4240 | D:4      | Reached skill level 8 in Long Blades
  4638 | D:4      | Noticed Robin
  4660 | D:4      | Killed Robin
  4884 | D:4      | Reached skill level 9 in Long Blades
  4884 | D:4      | Reached XP level 8. HP: 22/69 MP: 8/8
  5481 | D:5      | Entered Level 5 of the Dungeon
  5950 | D:5      | Reached skill level 10 in Long Blades
  6102 | D:5      | Found a sacrificial altar of Ru.
  6238 | D:5      | Found a snail-covered altar of Cheibriados.
  6731 | D:6      | Found a runed door.
  6893 | D:6      | Found a staircase to the Ecumenical Temple.
  6915 | Temple   | Entered the Ecumenical Temple
  7001 | Temple   | Became a worshipper of Ashenzari the Shackled
  7332 | D:6      | Reached XP level 9. HP: 56/75 MP: 9/9
  8689 | D:6      | Reached skill level 5 in Armour
  8780 | D:7      | Reached skill level 5 in Shields
  9511 | D:7      | Noticed Menkaure
  9521 | D:7      | Killed Menkaure
 10003 | D:8      | Reached XP level 10. HP: 80/84 MP: 10/10
 10014 | D:8      | Found a sand-covered staircase.
 10026 | D:8      | Noticed Edmund
 10067 | D:8      | Killed Edmund
 10080 | Ossuary  | Entered an ossuary
 12061 | D:9      | Noticed PolkaDot's ghost (experienced OpMo)
 12103 | D:9      | Killed PolkaDot's ghost
 12701 | D:9      | Found a staircase to the Orcish Mines.
 12756 | D:9      | Reached XP level 11. HP: 88/90 MP: 11/11
 12865 | D:9      | Acquired Ashenzari's first power
 12887 | D:10     | Entered Level 10 of the Dungeon
 14085 | D:10     | Found a staircase to the Lair.
 14219 | D:10     | Identified 2 scrolls of acquirement
 14219 | D:10     | Identified the cursed +4 double sword "Ghoblas" {antimagic, Noisy rPois Int+4 Dex+4} (You acquired it on level 10 of the Dungeon)
 14336 | Lair:1   | Entered Level 1 of the Lair of Beasts
 14845 | Lair:1   | Reached skill level 5 in Fighting
 15844 | Lair:1   | Reached skill level 10 in Armour
 15856 | Lair:2   | Reached XP level 12. HP: 84/106 MP: 4/12
 16121 | Lair:2   | Noticed a four-headed hydra
 16127 | Lair:2   | Killed a four-headed hydra
 16139 | Lair:2   | Noticed an eight-headed hydra
 16145 | Lair:2   | Killed an eight-headed hydra
 17040 | Lair:3   | Found a staircase to the Shoals.
 17662 | Lair:3   | Acquired Ashenzari's second power
 17832 | Lair:3   | Reached skill level 11 in Armour
 18310 | Lair:4   | Noticed Nergalle
 18333 | Lair:4   | Killed Nergalle
 18486 | Lair:4   | Noticed a five-headed hydra
 18498 | Lair:4   | Killed a six-headed hydra
 18605 | Lair:4   | Reached XP level 13. HP: 116/123 MP: 4/13
 18616 | Lair:4   | Reached skill level 10 in Fighting
 18633 | Lair:4   | Acquired Ashenzari's third power
 18944 | Lair:4   | Noticed a six-headed hydra
 18951 | Lair:4   | Killed a six-headed hydra
 19193 | Lair:5   | Reached skill level 1 in Evocations
 19450 | Lair:5   | Noticed Harold
 19473 | Lair:5   | Killed Harold
 19518 | Lair:5   | Reached skill level 12 in Fighting
 19518 | Lair:5   | Reached XP level 14. HP: 109/139 MP: 7/21
 19887 | Lair:5   | Found a hole to the Spider Nest.
 19973 | Lair:5   | Reached skill level 5 in Evocations
 20300 | Lair:6   | Found a labyrinth entrance.
 20344 | Lab      | Entered a labyrinth
 21049 | Lab      | Identified the +12 short sword of Distraction {antimagic, rN+ MR+ Str-4} (You took it off a minotaur in a labyrinth)
 21058 | Lab      | Identified Lehudib's Grimoire of Lethal Earth
 21069 | Lab      | Identified the Collected Works on Displacement (You found it in a labyrinth)
 21073 | Lab      | Identified Bose's Catalogue of Aerial Self-Knowledge (You found it in a labyrinth)
 21517 | Lair:6   | Acquired Ashenzari's fourth power
 22018 | Lair:6   | Found a staircase to the Snake Pit.
 22661 | Lair:7   | Found a staircase to the Slime Pits.
 23264 | Lair:7   | Reached skill level 10 in Evocations
 23941 | Lair:8   | Entered Level 8 of the Lair of Beasts
 24039 | Lair:8   | Noticed Erica
 24347 | Lair:8   | Noticed Fannar
 24362 | Lair:8   | Killed Fannar
 24362 | Lair:8   | Reached XP level 15. HP: 124/146 MP: 9/28
 24554 | Lair:2   | Learned a level 6 spell: Haste
 24695 | Orc:1    | Entered Level 1 of the Orcish Mines
 26005 | Orc:3    | Noticed Maurice
 26015 | Orc:3    | Killed Maurice
 26459 | Orc:3    | Found a staircase to the Elven Halls.
 26729 | Orc:4    | Entered Level 4 of the Orcish Mines
 27053 | Orc:4    | Found Asaozxarph's Gadget Shop.
 27079 | Orc:4    | Bought a fan of gales for 640 gold pieces
 27079 | Orc:4    | Bought a sack of spiders for 320 gold pieces
 28096 | Orc:4    | Found Cidec's Antique Armour Boutique.
 28100 | Orc:4    | Found Axtoh's Assorted Antiques.
 28105 | Orc:4    | Found Zublaol's Distillery.
 28108 | Orc:4    | Found Caywnatt's Food Shoppe.
 28119 | Orc:4    | Bought a warped graven amulet for 105 gold pieces
 28119 | Orc:4    | Identified the amulet of Untruth {Spirit Dex+2} (You bought it in a shop on level 4 of the Orcish Mines)
 28127 | Orc:4    | Bought a glowing cloak for 121 gold pieces
 28129 | Orc:4    | Bought a potion of mutation for 37 gold pieces
 28129 | Orc:4    | Gained mutation: You passively map a small area around you. [potion of mutation]
 28129 | Orc:4    | Gained mutation: You have an increased reservoir of magic (+10% MP). [potion of mutation]
 28129 | Orc:4    | Gained mutation: You passively map the area around you. [potion of mutation]
 28134 | Orc:4    | Bought a potion of curing for 45 gold pieces
 28134 | Orc:4    | Bought a potion of heal wounds for 75 gold pieces
 28279 | Orc:4    | Found a deep blue altar of Sif Muna.
 29005 | D:11     | Noticed Vidiiot's ghost (experienced CeAr)
 29014 | D:11     | Killed Vidiiot's ghost
 29106 | D:11     | Noticed Psyche
 29111 | D:11     | Killed Psyche
 29111 | D:11     | Reached skill level 13 in Long Blades
 29114 | D:11     | Noticed Erolcha
 29120 | D:11     | Killed Erolcha
 29121 | D:11     | Noticed Nessos
 29140 | D:11     | Killed Nessos
 30580 | D:13     | Reached skill level 14 in Fighting
 30988 | D:13     | Noticed Josephine
 30998 | D:13     | Killed Josephine
 31404 | D:14     | Reached skill level 15 in Fighting
 31404 | D:14     | Reached XP level 16. HP: 155/163 MP: 10/31
 31427 | D:14     | Gained mutation: You are resistant to hostile enchantments. [mutagenic meat]
 31428 | D:14     | Gained mutation: Your natural rate of healing is unusually fast. [mutagenic meat]
 31429 | D:14     | Lost mutation: You have an increased reservoir of magic (+10% MP). [mutagenic meat]
 31430 | D:14     | Gained mutation: Your spells are a little easier to cast, but a little less powerful. [mutagenic meat]
 31431 | D:14     | Gained mutation: You tend to lose your temper in combat. [mutagenic meat]
 31433 | D:14     | Gained mutation: You heal very quickly. [mutagenic meat]
 31662 | D:14     | Noticed Rupert
 31674 | D:14     | Killed Rupert
 31856 | D:14     | Found a gate to the Vaults.
 31931 | D:15     | Entered Level 15 of the Dungeon
 31968 | D:15     | Found a staircase to the Depths.
 32006 | D:15     | Reached skill level 16 in Fighting
 32151 | D:15     | Gained mutation: You regenerate. [potion of mutation]
 32325 | D:15     | Lost mutation: Your spells are a little easier to cast, but a little less powerful. [mutagenic meat]
 32326 | D:15     | Lost mutation: You regenerate. [mutagenic meat]
 32327 | D:15     | Gained mutation: You are frail (-10% HP). [mutagenic meat]
 32328 | D:15     | Lost mutation: You are resistant to hostile enchantments. [mutagenic meat]
 32329 | D:15     | Gained mutation: Your magical capacity is low (-10% MP). [mutagenic meat]
 32689 | D:14     | Lost mutation: You are frail (-10% HP). [potion of cure mutation]
 32689 | D:14     | Lost mutation: You heal very quickly. [potion of cure mutation]
 32689 | D:14     | Lost mutation: You tend to lose your temper in combat. [potion of cure mutation]
 32689 | D:14     | Lost mutation: Your natural rate of healing is unusually fast. [potion of cure mutation]
 33097 | Snake:1  | Entered Level 1 of the Snake Pit
 33278 | Snake:1  | Noticed Azrael
 33288 | Snake:1  | Killed Azrael
 33777 | Snake:2  | Noticed Vashnia
 34088 | Snake:1  | Killed Vashnia
 34098 | Snake:2  | Reached skill level 17 in Fighting
 34580 | Snake:2  | Noticed Wiglaf
 34599 | Snake:2  | Killed Wiglaf
 34966 | Snake:2  | Noticed Donald
 34974 | Snake:2  | Killed Donald
 35203 | Snake:2  | Reached skill level 10 in Shields
 35274 | Snake:2  | Reached XP level 17. HP: 170/177 MP: 7/26
 35830 | Snake:3  | Identified the cursed -2 ring mail of Huymn {rPois rC+ Regen+ Str-4 Stlth+}
 35941 | Snake:3  | Identified the +0 helmet of Supple Strength {+Blink rF+ rC+ Str-4}
 38073 | Snake:4  | Found a shattered altar of Ashenzari.
 38924 | Snake:5  | Entered Level 5 of the Snake Pit
 40024 | Snake:5  | Reached XP level 18. HP: 164/186 MP: 9/27
 40572 | Snake:5  | Got a serpentine rune of Zot
 41463 | Lair:8   | Reached skill level 1 in Charms
 41473 | Lair:8   | Reached skill level 1 in Spellcasting
 41717 | Lair:8   | Killed Erica
 42396 | Lair:8   | Found a burning altar of Makhleb.
 42576 | Lair:8   | Found a gateway to Hell.
 42587 | Lair:8   | Identified the cursed amulet "Qarchil" {rCorr rN+ Str+4 Stlth-} (You found it on level 8 of the Lair of Beasts)
 42752 | Hell     | Entered the Vestibule of Hell
 42752 | Hell     | Noticed Geryon
 42987 | Shoals:1 | Entered Level 1 of the Shoals
 42997 | Shoals:1 | Noticed Asterion
 43014 | Shoals:1 | Killed Asterion
 43238 | Shoals:1 | Reached skill level 5 in Charms
 43409 | Shoals:1 | Noticed Urug
 43418 | Shoals:1 | Killed Urug
 43503 | Shoals:1 | Noticed Agnes
 43513 | Shoals:1 | Killed Agnes
 43548 | Shoals:1 | Gained mutation: You are resistant to hostile enchantments. [potion of mutation]
 43548 | Shoals:1 | Gained mutation: You are dopey. (Int -2) [potion of mutation]
 43548 | Shoals:1 | Gained mutation: You evolve. [potion of mutation]
 43747 | Shoals:1 | Identified the cursed +0 flail of Grontol {speed, Str+5}
 43807 | Shoals:1 | Reached skill level 5 in Spellcasting
 44344 | Shoals:2 | Reached XP level 19. HP: 189/193 MP: 9/27
 44688 | Shoals:2 | Gained mutation: You are clumsy. (Dex -2) [evolution]
 46885 | Shoals:4 | Identified the Catalogue of Calling and Translocation (You found it on level 4 of the Shoals)
 47724 | Shoals:5 | Entered Level 5 of the Shoals
 48754 | Shoals:5 | Got a barnacled rune of Zot
 49085 | Shoals:5 | Noticed Ilsuiw
 49718 | Vaults:1 | Entered Level 1 of the Vaults
 49901 | Vaults:1 | Reached skill level 10 in Charms
 50124 | Vaults:1 | Lost mutation: Your magical capacity is low (-10% MP). [evolution]
 50224 | Vaults:1 | Reached XP level 20. HP: 201/201 MP: 35/35
 50238 | Vaults:1 | Gained mutation: You are very dopey. (Int -4) [mutagenic meat]
 50294 | Vaults:1 | Lost mutation: You are very dopey. (Int -4) [mutagenic meat]
 51380 | Vaults:2 | Noticed Nikola
 51400 | Vaults:2 | Killed Nikola
 52301 | Vaults:3 | Gained mutation: You are partially covered in rough black scales (AC +4, Dex -1). [potion of mutation]
 52301 | Vaults:3 | Gained mutation: You possess an exceptional clarity of mind. [potion of mutation]
 52301 | Vaults:3 | Gained mutation: Your body is slowly deteriorating. [potion of mutation]
 52302 | Vaults:3 | Gained mutation: You are partially covered in molten scales (AC +1). [potion of mutation]
 52783 | Vaults:3 | Noticed Frederick
 52804 | Vaults:3 | Killed Frederick
 52816 | Vaults:3 | Identified the +8 chain mail "Biunul" {rCorr}
 52866 | Vaults:3 | Found a staircase to the Crypt.
 53356 | Vaults:3 | Reached skill level 15 in Charms
 53871 | Vaults:4 | Reached XP level 21. HP: 199/210 MP: 35/35
 53883 | Vaults:4 | Reached skill level 1 in Dodging
 54231 | Vaults:4 | Reached skill level 5 in Dodging
 55829 | Depths:1 | Entered Level 1 of the Depths
 56509 | Depths:1 | Lost mutation: You are clumsy. (Dex -2) [evolution]
 56555 | Depths:1 | Found Liarphom's Antique Armour Shop.
 56792 | Depths:1 | Reached skill level 10 in Dodging
 56852 | Depths:1 | Lost mutation: Your body is slowly deteriorating. [mutagenic meat]
 56853 | Depths:1 | Gained mutation: You are weak. (Str -2) [mutagenic meat]
 56854 | Depths:1 | Gained mutation: Your natural rate of healing is unusually fast. [mutagenic meat]
 56856 | Depths:1 | Gained mutation: You are frail (-10% HP). [mutagenic meat]
 56858 | Depths:1 | Lost mutation: Your natural rate of healing is unusually fast. [mutagenic meat]
 56859 | Depths:1 | Lost mutation: You are frail (-10% HP). [mutagenic meat]
 57151 | Depths:2 | Reached XP level 22. HP: 218/218 MP: 36/36
 57227 | Depths:2 | Noticed Saint Roka
 57238 | Depths:2 | Found a one-way gate leading to the halls of Pandemonium.
 57504 | Depths:2 | Killed Saint Roka
 57850 | Depths:2 | Found a gateway to a ziggurat.
 57866 | Depths:2 | Gained mutation: Your body is slowly deteriorating. [mutagenic meat]
 57867 | Depths:2 | Lost mutation: You passively map the area around you. [mutagenic meat]
 57909 | Depths:2 | Noticed Aizul
 57933 | Depths:2 | Killed Aizul
 57971 | Depths:2 | Found a one-way gate to the infinite horrors of the Abyss.
 58638 | Depths:3 | Noticed Sojobo
 58684 | Depths:3 | Killed Sojobo
 58743 | Depths:3 | Reached skill level 18 in Fighting
 58886 | Depths:3 | Gained mutation: Your body is deteriorating. [mutagenic meat]
 58888 | Depths:3 | Gained mutation: Your magical capacity is low (-10% MP). [mutagenic meat]
 58978 | Depths:3 | Identified the +2 battleaxe of Chaos {pain, rC++ Int-3} (You found it on level 4 of the Vaults)
 58978 | Depths:3 | Identified the +11 spear of Circular Logic {drain, rC+ rN+ Dex+4} (You found it on level 1 of the Depths)
 59556 | Depths:4 | Reached XP level 23. HP: 227/230 MP: 29/32
 59571 | Depths:4 | Reached skill level 19 in Fighting
 60363 | Depths:4 | Reached skill level 20 in Fighting
 60521 | Depths:4 | Identified the cursed +2 quarterstaff of Nemelex Xobeh's Hope {venom, rPois rF- MP+9 Dex+4}
 60612 | Depths:4 | Gained mutation: You are agile. (Dex +2) [mutagenic meat]
 60649 | Depths:4 | Reached skill level 15 in Shields
 60944 | Depths:4 | Lost mutation: You are agile. (Dex +2) [mutagenic glow]
 61091 | Depths:4 | Found a snail-covered altar of Cheibriados.
 61452 | Depths:4 | Gained mutation: You are frail (-10% HP). [evolution]
 61494 | Depths:5 | Entered Level 5 of the Depths
 61540 | Depths:5 | Lost mutation: You are frail (-10% HP). [mutagenic meat]
 61544 | Depths:5 | Gained mutation: Your spells are a little harder to cast, but a little more powerful. [mutagenic meat]
 61545 | Depths:5 | Gained mutation: You are robust (+10% HP). [mutagenic meat]
 61946 | Depths:5 | Reached XP level 24. HP: 268/268 MP: 33/33
 61954 | Depths:5 | Found a gate to the Realm of Zot.
 62973 | Depths:1 | Identified the +11 spear of Circular Logic {drain, rC+ rN+ Dex+4} (You found it on level 1 of the Depths)
 63515 | Vaults:5 | Entered Level 5 of the Vaults
 63577 | Vaults:5 | Noticed Jory
 63728 | Vaults:4 | Killed Jory
 64305 | Vaults:5 | Lost mutation: You are weak. (Str -2) [mutagenic meat]
 64331 | Vaults:5 | Identified the cursed +1 spear of Zoyv Vuo {pain, +Blink rF- Str+4} (You took it off a deep elf annihilator on level 5 of the Vaults)
 64670 | Vaults:5 | Noticed an ancient lich
 64714 | Vaults:5 | Killed an ancient lich
 64714 | Vaults:5 | Reached XP level 25. HP: 195/277 MP: 33/33
 64761 | Vaults:5 | Identified the +10 plate armour "Doguroygg" {rN+ Int-3 SInv} (You took it off a deep elf priest on level 5 of the Vaults)
 64786 | Vaults:5 | Identified the ring of Lesser Demons {Dex+3 SInv Stlth+} (You took it off a tengu reaver on level 5 of the Vaults)
 64794 | Vaults:5 | Identified the +2 helmet of the Illusory Runes {rF+ MR- MP+9 Int+3 Dex+4}
 64795 | Vaults:5 | Lost mutation: You evolve. [end of evolution]
 64818 | Vaults:5 | Got a silver rune of Zot
 65097 | Vaults:5 | Found Shrethryc's Magic Scroll Shoppe.
 66313 | Elf:1    | Entered Level 1 of the Elven Halls
 66571 | Elf:1    | Identified Qoru's Disquisition on Creation
 66834 | Elf:1    | Identified the +1 trident of Irritation {pierce, -Cast Int+3 Dex+3}
 67241 | Elf:2    | Found a white marble altar of Elyvilon.
 67649 | Elf:2    | Found a roughly hewn altar of Beogh.
 67984 | Elf:2    | Identified the cursed -2 flail "Guteesh" {flame, rElec rPois rN+ Str-3 Int-4}
 68234 | Elf:2    | Found a huge runed gate.
 68235 | Elf:2    | Found a huge runed gate.
 68235 | Elf:2    | Found a huge runed gate.
 68601 | Elf:2    | Reached skill level 21 in Charms
 68777 | Elf:3    | Entered Level 3 of the Elven Halls
 69668 | Elf:3    | Reached XP level 26. HP: 287/287 MP: 34/34
 69932 | Elf:3    | Identified the +2 scale mail of Spite {rElec}
 69937 | Elf:3    | Reached skill level 10 in Spellcasting
 70033 | Elf:3    | Identified the +4 robe "Quesucza" {Dex+2 Slay+6} (You took it off a deep elf death mage on level 3 of the Elven Halls)
 70033 | Elf:3    | Identified the +10 spear of the Spinneret {freeze, +Rage rF- Str+3 Int+7 Stlth-} (You took it off a deep elf death mage on level 3 of the Elven Halls)
 70077 | Elf:3    | Identified the +5 falchion "Shoun" {slice, -Tele rPois MR- Str+5} (You took it off a deep elf summoner on level 3 of the Elven Halls)
 70662 | Slime:1  | Entered Level 1 of the Pits of Slime
 72376 | Slime:2  | Gained mutation: Your flesh is cold resistant. [a shining eye]
 72969 | Slime:3  | Gained mutation: You tend to lose your temper in combat. [a shining eye]
 72972 | Slime:3  | Gained mutation: You are weak. (Str -2) [a shining eye]
 72982 | Slime:3  | Gained mutation: Your body is rapidly deteriorating. [a shining eye]
 73433 | Slime:6  | Entered Level 6 of the Pits of Slime
 73755 | Slime:6  | Noticed the royal jelly
 73791 | Slime:6  | Killed the royal jelly
 73792 | Slime:6  | Identified the cursed +2 flail of Gallantry {crush, rPois rN+ MP+9 Str-2 SInv}
 73792 | Slime:6  | Identified the +1 troll leather armour of Limited Liability {Regen+ Stlth+}
 73796 | Slime:6  | Lost mutation: You are weak. (Str -2) [a shining eye]
 74526 | Slime:6  | Identified the ring of Moufuj {rPois rC- rN+ MR+ Dex+3}
 74685 | Slime:6  | Got a slimy rune of Zot
 74739 | Slime:6  | Identified the Papyrus of the Peculiar Orbs (You found it on level 6 of the Pits of Slime)
 75150 | Lair:2   | Lost mutation: Your magical capacity is low (-10% MP). [potion of cure mutation]
 75150 | Lair:2   | Lost mutation: You are dopey. (Int -2) [potion of cure mutation]
 75150 | Lair:2   | Lost mutation: Your spells are a little harder to cast, but a little more powerful. [potion of cure mutation]
 75150 | Lair:2   | Lost mutation: You possess an exceptional clarity of mind. [potion of cure mutation]
 75150 | Lair:2   | Lost mutation: Your body is rapidly deteriorating. [potion of cure mutation]
 75435 | Shoals:5 | Reached skill level 22 in Fighting
 75537 | Shoals:5 | Killed Ilsuiw
 75614 | Shoals:5 | Reached XP level 27. HP: 265/304 MP: 40/40
 76862 | Zot:1    | Entered Level 1 of the Realm of Zot
 79169 | Zot:1    | Gained mutation: You expend magic power (3 MP) to slightly strengthen your wands. [mutagenic meat]
 79325 | Zot:1    | Reached skill level 15 in Evocations
 80235 | Zot:2    | Noticed an ancient lich
 81096 | Zot:1    | Killed an ancient lich
 83114 | Zot:3    | Noticed an orb of fire
 83135 | Zot:3    | Gained mutation: You are clumsy. (Dex -2) [an orb of fire]
 83140 | Zot:3    | Killed an orb of fire
 83999 | Zot:4    | Lost mutation: You are partially covered in molten scales (AC +1). [mutagenic meat]
 85082 | Orc:4    | Bought a beef jerky for 15 gold pieces
 85082 | Orc:4    | Bought a meat ration for 50 gold pieces
 85082 | Orc:4    | Bought a slice of pizza for 15 gold pieces
 85082 | Orc:4    | Bought 4 fruits for 60 gold pieces
 85082 | Orc:4    | Bought a meat ration for 50 gold pieces
 85082 | Orc:4    | Bought a bread ration for 50 gold pieces
 85082 | Orc:4    | Bought a meat ration for 50 gold pieces
 85082 | Orc:4    | Bought a beef jerky for 15 gold pieces
 85082 | Orc:4    | Bought a bread ration for 50 gold pieces
 85082 | Orc:4    | Bought a beef jerky for 15 gold pieces
 85637 | Crypt:1  | Entered Level 1 of the Crypt
 86812 | Crypt:2  | Reached skill level 15 in Dodging
 87397 | Crypt:3  | Entered Level 3 of the Crypt
 87809 | Crypt:3  | Identified Apreit's Reference Book on the Lethal Mountains
 88343 | Crypt:3  | Noticed Mennas
 88365 | Crypt:3  | Killed Mennas
 88426 | Crypt:3  | Noticed an ancient lich
 88463 | Crypt:3  | Found an ancient bone altar of Kikubaaqudgha.
 88507 | Crypt:3  | Identified the cursed +3 battleaxe of Propriety {chop, Int+2 Dex+4}
 88637 | Crypt:3  | Killed an ancient lich
 89185 | Crypt:3  | Found a staircase to the Tomb.
 89327 | Crypt:3  | Identified Qareid's Guide on Assistive Black Rites (You found it on level 3 of the Crypt)
 89466 | Crypt:3  | Identified Lehudib's Handbook of Attacks and Heat
 89900 | Tomb:1   | Entered Level 1 of the Tomb of the Ancients
 89900 | Tomb:1   | Identified the +2 chain mail "Gumunnaida" {rN+ MR+}
 91138 | Tomb:1   | Noticed Jorgrun
 92167 | Depths:1 | Identified the cursed +1 naga barding of the Other Side {rN++ Regen+ Stlth-} (You acquired it on level 1 of the Depths)
 92800 | Depths:1 | Gained mutation: You are dopey. (Int -2) [a cacodemon]
 92941 | Hell     | Killed Geryon
 93580 | Hell     | Found a gateway to the Iron City of Dis.
 93636 | Hell     | Found a gateway to the freezing wastes of Cocytus.
 94045 | Hell     | Found a gateway to the decaying netherworld of Tartarus.
 94145 | Hell     | Found a gateway to the ashen valley of Gehenna.
 95058 | Tomb:1   | Killed Jorgrun
 95761 | Tomb:1   | Paralysed by a Zot trap for 5 turns
 99783 | Tomb:3   | Entered Level 3 of the Tomb of the Ancients
102727 | Pan      | Entered Pandemonium
103248 | Pan      | Found an exit through the horrors of the Abyss.
103496 | Pan      | Identified the +5 hand axe "Ippyckin" {chop, *Rage +Rage rPois Str+3}
103508 | Pan      | Noticed Stysup the pandemonium lord
103517 | Pan      | HP: 14/294 [hell beast[the player character] (16)]
103517 | Pan      | Killed from afar by a smoke demon

Action                   |  1- 3 |  4- 6 |  7- 9 | 10-12 | 13-15 | 16-18 | 19-21 | 22-24 | 25-27 || total
-------------------------+-------+-------+-------+-------+-------+-------+-------+-------+-------++-------
Melee: Long sword        |   159 |   245 |    61 |       |       |       |       |       |       ||   465
       Rapier            |       |       |   961 |  1290 |       |       |       |       |       ||  2251
       Double sword      |       |       |       |   432 |  1440 |  1709 |   509 |       |  2917 ||  7007
       Demon blade       |       |       |       |       |       |       |  1994 |  2867 |  3866 ||  8727
Throw: Stone             |       |       |       |       |     1 |       |       |       |       ||     1
 Cast: Haste             |       |       |       |       |       |       |     7 |    17 |    25 ||    49
Invok: Scrying           |       |       |       |       |     1 |       |     2 |     1 |     1 ||     5
 Abil: Evoke Flight      |       |     1 |       |       |       |       |       |       |       ||     1
       Spit Poison       |       |       |     6 |     9 |     2 |       |       |       |       ||    17
Evoke: Wand              |       |       |       |    19 |    11 |    17 |     3 |     6 |    21 ||    77
       Sack of spiders   |       |       |       |       |     2 |     1 |       |       |     4 ||     7
       Fan of gales      |       |       |       |       |     1 |     3 |       |     1 |     6 ||    11
       Lamp of fire      |       |       |       |       |       |     2 |     1 |     3 |     9 ||    15
       Box of beasts     |       |       |       |       |       |       |       |       |     2 ||     2
       Disc of storms    |       |       |       |       |       |       |       |       |    16 ||    16
       Phial of floods   |       |       |       |       |       |       |       |       |     5 ||     5
       Stone of tremors  |       |       |       |       |       |       |       |       |     4 ||     4
       Horn of Geryon    |       |       |       |       |       |       |       |       |     2 ||     2
  Use: Scroll            |       |    11 |     9 |    12 |    12 |    15 |     4 |     6 |    42 ||   111
       Potion            |       |       |     6 |     6 |    10 |     6 |     4 |     5 |    23 ||    60
 Stab: Invisible         |       |     3 |     3 |       |       |       |       |       |     1 ||     7
       Distracted        |       |       |       |       |     2 |       |       |     4 |     3 ||     9
       Held in net/web   |       |       |       |       |       |     1 |       |       |       ||     1
       Confused          |       |       |       |       |       |       |     2 |       |       ||     2
  Eat: Chunk             |     1 |     5 |    10 |    20 |     7 |    13 |    13 |    30 |    13 ||   112
       Bread ration      |       |     1 |     1 |     1 |       |     5 |     7 |     5 |    13 ||    33
       Meat ration       |       |       |     1 |     1 |     8 |     2 |     3 |     3 |    13 ||    31
       Beef jerky        |       |       |     1 |       |     3 |       |     2 |     1 |     6 ||    13
       Pizza             |       |       |       |     2 |       |     2 |       |       |     5 ||     9
       Fruit             |       |       |       |       |     2 |     2 |     1 |     2 |     4 ||    11
       Royal jelly       |       |       |       |       |       |       |     1 |       |     1 ||     2
